[Event "Team 45 45 League T26"]
[Site "Internet Chess Club"]
[Date "2005.03.28"]
[Round "2"]
[White "crapalot"]
[Black "Pilgrim"]
[Result "1-0"]
[WhiteElo "1685"]
[BlackElo "1583"]
[TimeControl "2700+45"]

1. d4 Nf6 2. Nf3 e6 3. Bg5 Be7 4. Nbd2 h6 5. Bxf6 Bxf6 6. e3 d5 7. c4 c6 8. Be2
Nd7 9. O-O O-O 10. cxd5 cxd5 11. Qb3 a6 12. Rfc1 b5 13. a4 Bb7 14. axb5 axb5 15.
Bxb5 Rxa1 16. Rxa1 Qc7 17. Bxd7 Qxd7 18. Ra7 Rb8 19. Qa3 Qc6 20. Nb3 Qc2 21. Qb4
Bc8 22. Na1 Qc1+ 23. Qe1 Qxb2 24. g3 Qb6 25. Qa5 Qxa5 26. Rxa5 Bd8 27. Ra2 f6
28. Nc2 Bc7 29. Ra4 e5 30. Rb4 Ra8 31. Rb5 e4 32. Rc5 exf3 33. Rxc7 Rb8 34. Ne1
Bh3 35. Rc1 Bg4 36. Nd3 h5 37. Nf4 Bf5 38. Nxd5 Be6 39. Nf4 Bc4 40. Nxh5 g6 41.
Nxf6+ Kf7 42. Nd7 Rb5 43. Ne5+ Ke6 44. Nxc4 {Black resigns} 1-0

[Event "Team 45 45 League T26"]
[Site "Internet Chess Club"]
[Date "2005.03.25"]
[Round "2"]
[White "Smart"]
[Black "Rockmaster"]
[Result "0-1"]
[WhiteElo "1578"]
[BlackElo "1560"]
[TimeControl "2700+45"]

1. Nf3 Nc6 2. g3 Nf6 3. Bg2 e5 4. d3 d5 5. O-O Bf5 6. Nh4 Be6 7. Nd2 Be7 8. e4
dxe4 9. dxe4 Qd6 10. Nf5 Bxf5 11. exf5 O-O-O 12. c3 a6 13. Qa4 Nd5 14. Nc4 Qd7
15. Rd1 Nxc3 16. Rxd7 Nxa4 17. Bxc6 Rxd7 18. Bxd7+ Kxd7 19. Nxe5+ Ke8 20. Rb1 f6
21. Nc4 b5 22. Ne3 Kf7 23. Bd2 Rd8 24. Be1 Nc5 25. Bb4 Rd4 26. Bxc5 Bxc5 27. Rc1
Bb6 28. Rc2 Rd7 29. Kg2 c5 30. b3 a5 31. a4 b4 32. Nc4 Bc7 33. Kf3 Rd3+ 34. Ke4
Rxb3 35. Kd5 Rc3 36. Rxc3 bxc3 37. Ne3 Bb8 38. Kc4 Be5 39. f3 Bd4 40. Nc2 Ke7
41. Kb5 Kd6 42. h3 Kd5 43. Kxa5 Kc4 44. Kb6 Kb3 45. a5 Kxc2 46. a6 Kb2 47. a7
c4+ {White resigns} 0-1

[Event "Team 45 45 League T26"]
[Site "Internet Chess Club"]
[Date "2005.03.27"]
[Round "2"]
[White "Millwright"]
[Black "rabanito"]
[Result "1-0"]
[WhiteElo "1325"]
[BlackElo "1512"]
[TimeControl "2700+45"]

1. e4 e5 2. Nf3 Nc6 3. d4 exd4 4. c3 d5 5. exd5 Qxd5 6. cxd4 Bg4 7. Be2 Bb4+ 8.
Nc3 Bxf3 9. Bxf3 Qc4 10. Bxc6+ bxc6 11. Qe2+ Qxe2+ 12. Kxe2 Nf6 13. Bd2 O-O-O
14. Kd3 c5 15. Be3 Ng4 16. Kc4 Nxe3+ 17. fxe3 Bxc3 18. bxc3 cxd4 19. exd4 Rhe8
20. Rhe1 f5 21. Rab1 Re4 22. Rxe4 fxe4 23. Re1 Re8 24. Re2 Kd7 25. d5 Kd6 26.
Kd4 e3 27. c4 c5+ 28. dxc6 Kxc6 29. Rxe3 Rxe3 30. Kxe3 Kc5 31. Kd3 a5 32. a3 Kc6
33. Kd4 Kd6 34. c5+ Kc6 35. a4 h6 36. h4 g5 37. hxg5 hxg5 38. g4 Kc7 39. Kd5 Kd7
40. Ke5 Kc6 41. Kf5 Kxc5 42. Kxg5 Kd6 43. Kf6 Kd7 44. Kf7 Kd6 45. g5 {Black
resigns} 1-0

[Event "Team 45 45 League T26"]
[Site "Internet Chess Club"]
[Date "2005.03.27"]
[Round "2"]
[White "MrAnderssen"]
[Black "Edinburgh"]
[Result "1-0"]
[WhiteElo "1682"]
[BlackElo "1621"]
[TimeControl "2700+45"]

1. e4 c5 2. Nf3 d6 3. d4 cxd4 4. Nxd4 Nf6 5. Nc3 g6 6. f3 Bg7 7. Bc4 O-O 8. Be3
Nc6 9. Qd2 a6 10. O-O-O Bd7 11. Bh6 Nxd4 12. Bxg7 Nxf3 13. gxf3 Kxg7 14. f4 Qc7
15. Bd3 Bg4 16. Rdf1 e6 17. f5 exf5 18. exf5 Qa5 19. h3 Bh5 20. Rhg1 Rac8 21.
Kb1 Nd5 22. Qg5 Nxc3+ 23. bxc3 Kh8 24. Qf6+ Kg8 25. fxg6 hxg6 26. Bxg6 Bxg6 27.
Rxg6+ fxg6 28. Qxg6+ Kh8 29. Qh6+ Kg8 30. Rg1+ Kf7 31. Rg7+ Ke8 32. Qe6+ {Black
resigns} 1-0

[Event "Team 45 45 League T26"]
[Site "Internet Chess Club"]
[Date "2005.03.26"]
[Round "2"]
[White "KaissaXiaolin"]
[Black "Thersites"]
[Result "0-1"]
[WhiteElo "1495"]
[BlackElo "1663"]
[TimeControl "2700+45"]

1. e4 c5 2. Nf3 e6 3. d4 cxd4 4. Nxd4 Nc6 5. Nc3 a6 6. Be3 Nge7 7. Be2 d5 8.
Nxc6 bxc6 9. O-O Ng6 10. exd5 cxd5 11. Bd3 Bd6 12. Ne2 Ne5 13. Nf4 Nxd3 14. Qxd3
O-O 15. Rad1 Qc7 16. Nh3 Bxh2+ 17. Kh1 Bd7 18. g3 Bxg3 19. fxg3 Qxg3 20. Ng5 f5
21. Rg1 Qh4+ 22. Kg2 Qg4+ 23. Kf1 Qa4 24. Bd4 Bb5 25. Nxe6 Bxd3+ 26. Rxd3 g6 27.
Nf4 Qxc2 28. Rg2 Qc1+ {White resigns} 0-1

[Event "Team 45 45 League T26"]
[Site "Internet Chess Club"]
[Date "2005.03.26"]
[Round "2"]
[White "dougmo"]
[Black "EquesQuartus"]
[Result "1/2-1/2"]
[WhiteElo "1546"]
[BlackElo "1574"]
[TimeControl "2700+45"]

1. d4 Nf6 2. Nf3 g6 3. e3 d5 4. Bd3 Bg7 5. O-O O-O 6. Nbd2 c5 7. c3 Nbd7 8. Qe2
Qc7 9. e4 e5 10. dxe5 Nxe5 11. Nxe5 Qxe5 12. f4 Qc7 13. e5 Nd7 14. Nf3 Re8 15.
Qf2 c4 16. Bc2 Nc5 17. Be3 b6 18. Rad1 Ne4 19. Bxe4 dxe4 20. Nd4 Bb7 21. Nb5 Qe7
22. Nd6 Rf8 23. Nxc4 Ba6 24. Rd4 f5 25. Rfd1 Rad8 26. Rxd8 Rxd8 27. Rxd8+ Qxd8
28. Nd6 Bf8 29. Bd4 Bxd6 30. exd6 Qxd6 31. Qh4 Bc4 32. Qh6 Qd7 33. h4 Qf7 34.
Qg5 Kf8 35. Qd8+ Qe8 36. Bg7+ Kf7 37. Qc7+ Qe7 38. Qxe7+ Kxe7 39. b3 Bd3 40. Kf2
b5 41. Ke3 Ke6 42. Kd4 a6 43. a3 Kd6 44. Be5+ Kc6 45. Bf6 {Game drawn by mutual
agreement} 1/2-1/2

[Event "Team 45 45 League T26"]
[Site "Internet Chess Club"]
[Date "2005.03.27"]
[Round "2"]
[White "mSed84"]
[Black "Two-DogMan"]
[Result "1-0"]
[WhiteElo "1535"]
[BlackElo "1488"]
[TimeControl "2700+45"]

1. e4 e5 2. Nf3 d6 3. Nc3 Nf6 4. Bc4 h6 5. d4 exd4 6. Nxd4 Be7 7. Be3 b6 8. Nd5
Nxd5 9. Bxd5 Nd7 10. Nc6 Bb7 11. Nxd8 Bxd8 12. Bxb7 Rb8 13. Bd5 O-O 14. O-O Nf6
15. Qe2 g5 16. Qa6 Nd7 17. Qxa7 Nc5 18. Bxc5 dxc5 19. c4 Bf6 20. Rab1 h5 21.
Qxc7 h4 22. Bxf7+ Rxf7 23. Qxb8+ {Black resigns} 1-0

[Event "Team 45 45 League T26"]
[Site "Internet Chess Club"]
[Date "2005.03.25"]
[Round "2"]
[White "moreffee"]
[Black "fuzzface"]
[Result "0-1"]
[WhiteElo "1401"]
[BlackElo "1333"]
[TimeControl "2700+45"]

1. e4 e5 2. Nf3 d6 3. Bc4 Bg4 4. Nc3 Bxf3 5. Qxf3 Nf6 6. d3 h6 7. Be3 c6 8. Rd1
b5 9. Bb3 a6 10. a3 Nbd7 11. d4 Be7 12. dxe5 Nxe5 13. Qe2 Qc8 14. O-O Neg4 15.
Bf4 Ne5 16. Bg3 O-O 17. f4 Ned7 18. f5 Nc5 19. Bxd6 Bxd6 20. Rxd6 Nxb3 21. cxb3
Re8 22. Rxf6 gxf6 23. Qh5 Kh7 24. Rf3 Rg8 25. Rh3 Qf8 26. e5 Rg5 27. Qf3 Qc5+
28. Kf1 Qxe5 29. Qxc6 Re8 {White resigns} 0-1

[Event "Team 45 45 League T26"]
[Site "Internet Chess Club"]
[Date "2005.03.29"]
[Round "2"]
[White "Fogbound"]
[Black "centerpawn"]
[Result "1-0"]
[WhiteElo "1344"]
[BlackElo "1251"]
[TimeControl "2700+45"]

1. d4 Nf6 2. Nf3 d5 3. e3 c6 4. Bd3 g6 5. b3 Bg7 6. Bb2 O-O 7. O-O Bg4 8. Nbd2
Nbd7 9. e4 e5 10. Re1 dxe4 11. Nxe4 Nd5 12. c4 Nf4 13. Bf1 f5 14. Neg5 Re8 15.
c5 e4 16. Bc4+ Kh8 17. Nf7+ Kg8 18. Nxd8+ Kf8 19. Ne6+ Kg8 20. Nxf4+ Kh8 21. h3
Bxf3 22. gxf3 b5 23. Bf7 Re7 24. Bxg6 Nf8 25. Bxf5 exf3 26. Rxe7 Bf6 27. Rc7 Rd8
28. Nh5 Bg5 29. d5+ Kg8 30. Nf6+ Bxf6 31. Bxf6 Rxd5 32. Rg7+ Kh8 33. Rd7+ Kg8
34. Rxd5 {Black resigns} 1-0

[Event "Team 45 45 League T26"]
[Site "Internet Chess Club"]
[Date "2005.03.27"]
[Round "2"]
[White "Mutaant"]
[Black "SilverKnight"]
[Result "0-1"]
[WhiteElo "1196"]
[BlackElo "1301"]
[TimeControl "2700+45"]

1. e4 d6 2. Bc4 Nf6 3. Nc3 Nxe4 4. Nxe4 d5 5. Bb5+ Bd7 6. Bxd7+ Qxd7 7. Nc3 Nc6
8. d3 e5 9. Nf3 Bb4 10. Bd2 O-O-O 11. a3 Bxc3 12. Bxc3 Rhe8 13. Qd2 e4 14. dxe4
Rxe4+ 15. Kf1 f6 16. Re1 Rde8 17. Rxe4 Rxe4 18. Nd4 Nxd4 19. Bxd4 b6 20. f3 Re6
21. Kf2 c5 22. Be3 d4 23. Bf4 Qe7 24. Re1 Rxe1 25. Qxe1 Qxe1+ 26. Kxe1 Kb7 27.
b4 Kc6 28. Ke2 Kb5 29. Bd6 Kc4 30. Kd2 Kb5 31. g4 a5 32. c3 dxc3+ 33. Kxc3 axb4+
34. axb4 cxb4+ 35. Bxb4 Kc6 36. h4 Kd5 37. Kd3 Ke5 38. Ke3 g6 39. Bc3+ Ke6 40.
Kf4 h6 41. g5 fxg5+ 42. hxg5 h5 43. Kg3 Kf5 44. f4 h4+ 45. Kxh4 Kxf4 46. Bd2+
Kf5 47. Kg3 Ke4 48. Kf2 b5 49. Ke2 Kd4 50. Kd1 Kc4 51. Kc2 b4 52. Bc1 Kb5 53.
Kd3 Kc5 54. Be3+ Kb5 55. Ke4 b3 56. Bd4 Kc4 57. Bg7 Kc5 58. Ba1 Kd6 59. Be5+ Ke6
60. Bf6 Kf7 61. Ke5 b2 62. Kd6 b1=Q 63. Kd7 Qb6 64. Bd8 Qe6+ 65. Kc7 Qe5+ 66.
Kd7 Qd5+ 67. Kc7 Ke6 68. Bf6 Kf5 69. Kc8 Kg4 70. Kc7 Qxg5 71. Bxg5 Kxg5 72. Kd6
Kf5 73. Kd5 g5 74. Kd4 Kf4 75. Kd3 Kf3 76. Kd2 Kf2 77. Kd3 g4 78. Ke4 g3 79. Kf4
g2 {White resigns} 0-1

[Event "Team 45 45 League T26"]
[Site "Internet Chess Club"]
[Date "2005.04.03"]
[Round "2"]
[White "Schach-Prinz"]
[Black "markev"]
[Result "1-0"]
[WhiteElo "1350"]
[BlackElo "1268"]
[TimeControl "2700+45"]

1. e4 c5 2. Bc4 e6 3. d3 Nc6 4. c3 Nf6 5. Bf4 d6 6. Nf3 e5 7. Bg3 Be7 8. O-O O-O
9. Nbd2 a6 10. Qb3 Na5 11. Qc2 Nxc4 12. Nxc4 b5 13. Ne3 Bb7 14. Nf5 c4 15. Qd2
cxd3 16. Qg5 g6 17. Nxe7+ Qxe7 18. Bh4 Kg7 19. Rfe1 Qe6 20. Nd2 Ne8 21. Qe3 Qg4
22. Bg5 Kh8 23. h3 Qe6 24. Qxd3 f5 25. Bh6 Rf7 26. Nf3 Qf6 27. Ng5 fxe4 28.
Nxf7+ Qxf7 29. Rxe4 Bxe4 30. Qxe4 Ra7 31. f4 Nf6 32. Qc6 exf4 33. Qxd6 Nh5 34.
Qb8+ Qg8 35. Qxa7 Qc8 36. Re1 Kg8 37. Re7 a5 38. Rg7+ Nxg7 39. Qxg7# {Black
checkmated} 1-0

[Event "Team 45 45 League T26"]
[Site "Internet Chess Club"]
[Date "2005.03.27"]
[Round "2"]
[White "cazj"]
[Black "Traho"]
[Result "1-0"]
[WhiteElo "1315"]
[BlackElo "1319"]
[TimeControl "2700+45"]

1. e4 c6 2. d4 d5 3. Nc3 dxe4 4. Nxe4 Bf5 5. f3 e6 6. Bc4 Nf6 7. Bg5 Be7 8.
Nxf6+ Bxf6 9. Be3 O-O 10. Ne2 Nd7 11. Qd2 Re8 12. O-O-O Rc8 13. h4 e5 14. h5 b5
15. Bd3 Bxd3 16. Qxd3 Bg5 17. f4 exf4 18. Bxf4 Bxf4+ 19. Nxf4 Qg5 20. g3 Nf6 21.
Kb1 Ne4 22. Nh3 Qxg3 23. h6 Qxd3 24. cxd3 Nd6 25. hxg7 Nf5 26. Ng5 h6 27. Ne4
Re6 28. Rc1 Nxd4 29. Rcg1 Nf5 30. Nc5 Rg6 31. Rxg6 fxg6 32. Ne6 Re8 33. Nc7 Re7
34. Na6 Rxg7 35. Kc2 Re7 36. Kc3 g5 37. d4 Kg7 38. Rd1 Re3+ 39. Kb4 Re4 40. Kc5
g4 41. Nb4 g3 42. Nxc6 g2 43. d5 Rd4 44. Rg1 Rd2 45. Nxa7 Nh4 46. d6 Nf5 47. d7
Rxd7 48. Rxg2+ Kf6 49. Nxb5 Rg7 50. Rxg7 Nxg7 51. a4 Ke7 52. Kc6 Ne6 53. a5 Nd8+
54. Kc7 Ne6+ 55. Kb8 Nc5 56. b4 Na6+ 57. Kb7 h5 58. Kxa6 h4 59. Nd4 Kd6 60. Kb6
h3 61. Ne2 Ke5 62. a6 Ke4 63. a7 Kf3 64. a8=Q+ {Black resigns} 1-0

[Event "Team 45 45 League T26"]
[Site "Internet Chess Club"]
[Date "2005.03.26"]
[Round "2"]
[White "Ernesto-R"]
[Black "Midwest-Rook"]
[Result "0-1"]
[WhiteElo "1187"]
[BlackElo "1254"]
[TimeControl "2700+45"]

1. e4 e5 2. Nf3 Nc6 3. Bb5 Bc5 4. O-O Qf6 5. Bxc6 bxc6 6. d3 h6 7. Bd2 d6 8. Ba5
Bb6 9. Bd2 Qg6 10. g3 Bh3 11. Nh4 Qf6 12. Qf3 Qxf3 13. Nxf3 Bxf1 14. Kxf1 Nf6
15. Nc3 a6 16. Na4 Ba7 17. Bc3 Ng4 18. Kg2 Bxf2 19. d4 exd4 20. Nxd4 Bxd4 21.
Bxd4 O-O 22. h3 c5 23. Bc3 Ne3+ 24. Kf2 Nxc2 25. Rd1 Nb4 26. e5 Nxa2 27. exd6
cxd6 28. Rxd6 Nxc3 29. Nxc3 Rfd8 30. Ne4 Rxd6 31. Nxd6 Rb8 32. Nc4 Rb4 {White
resigns} 0-1

[Event "Team 45 45 League T26"]
[Site "Internet Chess Club"]
[Date "2005.03.26"]
[Round "2"]
[White "room-matt"]
[Black "bigarrow"]
[Result "1-0"]
[WhiteElo "1926"]
[BlackElo "1842"]
[TimeControl "2700+45"]

1. e4 e6 2. d4 d5 3. Nc3 Bb4 4. e5 c5 5. Bd2 Ne7 6. f4 O-O 7. Nf3 Nbc6 8. a3
Bxc3 9. Bxc3 Qb6 10. Bd3 cxd4 11. Nxd4 Bd7 12. Rf1 Nf5 13. Bxf5 exf5 14. Qd2
Rac8 15. O-O-O Nxd4 16. Bxd4 Qc7 17. Rf3 Ba4 18. Rc3 Qa5 19. Rxc8 Qxd2+ 20. Rxd2
Rxc8 21. Bxa7 Kf8 22. c3 Bb3 23. Rd4 Bc4 24. Kc2 Ke7 25. b3 Bf1 26. g3 Bg2 27.
a4 f6 28. exf6+ Kxf6 29. h4 Re8 30. Kd2 Ke6 31. Rb4 Re7 32. Bc5 Rc7 33. Rb6+ Kd7
34. Bd4 Kc8 35. Be5 Rd7 36. a5 Bf1 37. Ke3 Kd8 38. Kd4 g6 39. Kc5 Be2 40. Bf6+
Kc8 41. Re6 Rc7+ 42. Kb6 {Black resigns} 1-0

[Event "Team 45 45 League T26"]
[Site "Internet Chess Club"]
[Date "2005.03.29"]
[Round "2"]
[White "Stav"]
[Black "rph"]
[Result "0-1"]
[WhiteElo "1652"]
[BlackElo "1821"]
[TimeControl "2700+45"]

1. d4 Nf6 2. Nf3 d5 3. Bf4 e6 4. c3 Bd6 5. e3 O-O 6. Bd3 c5 7. Nbd2 Bxf4 8. exf4
cxd4 9. Nxd4 Nc6 10. N2f3 Re8 11. O-O Nxd4 12. Nxd4 e5 13. fxe5 Rxe5 14. Re1
Rxe1+ 15. Qxe1 Bd7 16. f3 Qb6 17. Qf2 Re8 18. Kf1 g6 19. Re1 Rxe1+ 20. Kxe1 Qd6
21. g3 a6 22. Qe3 Kg7 23. Be2 h6 24. Kf2 Bh3 25. Kg1 Kh7 26. f4 Bd7 27. Bf3 Bc6
28. Qe5 Qxe5 29. fxe5 Nd7 30. e6 fxe6 31. Nxe6 Ne5 32. Be2 g5 33. Kf2 Kg6 34.
Ke3 Kf6 35. Nd4 Bd7 36. b3 Ng4+ 37. Bxg4 Bxg4 38. a3 Ke5 39. a4 a5 40. Kd3 Bd1
41. Kd2 Bg4 42. Ke3 h5 43. b4 Bd1 44. bxa5 Bxa4 45. Nf3+ Kf5 46. h3 Bd1 47. Nd4+
Ke5 48. h4 g4 49. Nb5 Ba4 50. Nd4 Bd1 51. Kd3 Ba4 52. Ne2 Bb5+ 53. Ke3 Bxe2 54.
Kxe2 Ke4 55. Kf2 Kd3 56. Ke1 Kxc3 57. Kd1 Kb4 58. Kd2 Kxa5 59. Kd3 b5 60. Kc3
b4+ 61. Kb3 Kb5 62. Kc2 Kc4 63. Kb2 d4 64. Kc2 d3+ 65. Kd2 b3 66. Kc1 Kc3 {White
resigns} 0-1

[Event "Team 45 45 League T26"]
[Site "Internet Chess Club"]
[Date "2005.03.27"]
[Round "2"]
[White "chessateer"]
[Black "Fegary"]
[Result "0-1"]
[WhiteElo "1804"]
[BlackElo "1719"]
[TimeControl "2700+45"]

1. e4 d6 2. d4 Nf6 3. Nc3 g6 4. Bg5 Bg7 5. e5 dxe5 6. dxe5 Qxd1+ 7. Rxd1 Ng4 8.
Nd5 Bxe5 9. Nxe7 Be6 10. Nd5 Nd7 11. Nf3 Bd6 12. h3 Nge5 13. Nxe5 Bxe5 14. f4
Bd6 15. Nf6+ Nxf6 16. Bxf6 O-O 17. g3 Rfe8 18. Kf2 Bc5+ 19. Bd4 Rad8 20. c3
Bxd4+ 21. Rxd4 Rxd4 22. cxd4 Bxa2 23. Bg2 Bc4 24. Bf3 c6 25. Ra1 a6 26. b3 Bd3
27. Rd1 Bb5 28. g4 Kg7 29. Rd2 h6 30. Rd1 Kf6 31. Rc1 Re7 32. Rc3 Ke6 33. Re3+
Kd6 34. Rxe7 Kxe7 35. d5 Kd6 36. dxc6 Bxc6 37. Be2 Kc5 38. Bc4 Bd5 39. Bxd5 Kxd5
40. Ke3 Kc5 41. Kd3 Kb4 42. Kc2 a5 43. h4 h5 44. gxh5 gxh5 45. f5 f6 46. Kb2 Kc5
47. Kc3 Kd5 {White resigns} 0-1

[Event "Team 45 45 League T26"]
[Site "Internet Chess Club"]
[Date "2005.03.29"]
[Round "2"]
[White "ChessicStudent"]
[Black "sigma33"]
[Result "1-0"]
[WhiteElo "1533"]
[BlackElo "1526"]
[TimeControl "2700+45"]

1. Nf3 d5 2. g3 e6 3. Bg2 Nf6 4. O-O Nbd7 5. d3 b6 6. Nbd2 Bb7 7. Re1 c5 8. e4
dxe4 9. dxe4 e5 10. Nxe5 Nxe5 11. f4 Nc6 12. e5 Nd7 13. Nc4 Qc7 14. Nd6+ Ke7 15.
Qh5 g6 16. Qg5+ Ke6 17. Bh3+ f5 18. Bxf5+ gxf5 19. Qxf5+ Ke7 20. Qf7+ {Black
resigns} 1-0

[Event "Team 45 45 League T26"]
[Site "Internet Chess Club"]
[Date "2005.03.27"]
[Round "2"]
[White "tarheels"]
[Black "Zornorph"]
[Result "0-1"]
[WhiteElo "1862"]
[BlackElo "1988"]
[TimeControl "2700+45"]

1. e4 e5 2. Nf3 d6 3. d4 Nd7 4. Bc4 Nb6 5. Bb3 exd4 6. O-O Be7 7. c3 dxc3 8.
Nxc3 Nf6 9. Bc2 O-O 10. Qe2 Bg4 11. h3 Bh5 12. Bf4 Re8 13. Rad1 Qc8 14. Kh2 Nbd7
15. g4 Bg6 16. Nh4 Nc5 17. Nxg6 hxg6 18. Be3 Ne6 19. f4 Nd7 20. Nd5 Bd8 21. f5
Nef8 22. Bb3 Nf6 23. Nf4 g5 24. Qc4 Qd7 25. Ne6 fxe6 26. e5 d5 27. Qd3 N6h7 28.
fxe6 Nxe6 29. Qg6 c6 30. Bc2 Nhf8 31. Qh5 Bc7 32. Rxf8+ Nxf8 33. Rf1 Bxe5+ 34.
Kh1 Bf6 35. Bc5 Qf7 36. Qxf7+ Kxf7 37. h4 Ne6 38. Be3 Kg8 39. Bg6 Re7 40. h5 d4
41. Bc1 Rd8 42. Re1 Nf4 {White resigns} 0-1

[Event "Team 45 45 League T26"]
[Site "Internet Chess Club"]
[Date "2005.03.26"]
[Round "2"]
[White "megamaster"]
[Black "ardsrfc"]
[Result "1/2-1/2"]
[WhiteElo "2022"]
[BlackElo "1858"]
[TimeControl "2700+45"]

1. e4 g6 2. Nc3 Bg7 3. Bc4 d6 4. Nf3 Nf6 5. O-O O-O 6. d4 Nxe4 7. Nxe4 d5 8. Bd3
dxe4 9. Bxe4 c6 10. c3 Bg4 11. h3 Bxf3 12. Bxf3 e6 13. Be3 Nd7 14. Re1 Nb6 15.
Qc1 Rc8 16. Bh6 Re8 17. Bxg7 Kxg7 18. Qf4 Qc7 19. Qh4 Qe7 20. Qg3 Qc7 21. Qg5 h6
22. Qc5 Qe7 23. Qe5+ Qf6 24. Qe3 Nd5 25. Bxd5 cxd5 26. Rac1 b5 27. Qd3 a6 28. a3
Rc7 29. Re2 Rce7 30. Rce1 e5 31. Re3 e4 32. Qd1 Qe6 33. a4 f5 34. axb5 axb5 35.
R3e2 f4 36. Qb3 Qc6 37. Qb4 g5 {Game drawn by mutual agreement} 1/2-1/2

[Event "Team 45 45 League T26"]
[Site "Internet Chess Club"]
[Date "2005.04.04"]
[Round "2"]
[White "chsrules88"]
[Black "MrAnderssen"]
[Result "0-1"]
[WhiteElo "1782"]
[BlackElo "1667"]
[TimeControl "2700+45"]

1. e4 c5 2. Nf3 d6 3. d4 cxd4 4. Nxd4 Nf6 5. Nc3 g6 6. Be3 Bg7 7. Be2 Nc6 8. O-O
O-O 9. Kh1 a6 10. f4 Qc7 11. Bf3 e5 12. Nb3 exf4 13. Bxf4 Ne5 14. Bg5 Nc4 15.
Qe2 Nxb2 16. Bxf6 Bxf6 17. Nd5 Qd8 18. c3 Na4 19. Qc4 b5 20. Qc6 Bd7 21. Qxd6
Bxc3 22. e5 Ra7 23. Ne7+ Kg7 24. Qf6+ Kh6 25. Nf5+ Bxf5 26. g4 Qxf6 27. exf6
Bxf6 28. gxf5 Bxa1 29. Nxa1 Nc3 30. h4 Kg7 31. Bg4 Nxa2 32. f6+ Kg8 33. Nc2 h5
34. Bh3 b4 35. Nd4 a5 36. Nc6 Rc7 37. Ne7+ Kh7 38. Bf5 gxf5 39. Rg1 Rc1 40. Kh2
Rxg1 {White resigns} 0-1

[Event "Team 45 45 League T26"]
[Site "Internet Chess Club"]
[Date "2005.03.29"]
[Round "2"]
[White "dougmo"]
[Black "Katzie"]
[Result "1-0"]
[WhiteElo "1548"]
[BlackElo "1532"]
[TimeControl "2700+45"]

1. e4 c5 2. d4 cxd4 3. c3 e5 4. Nf3 d6 5. Bc4 Be7 6. Qb3 Be6 7. Bxe6 fxe6 8.
cxd4 exd4 9. Nxd4 e5 10. Ne6 Qd7 11. Nxg7+ Kf8 12. Nf5 Nf6 13. Bh6+ Ke8 14. Nxe7
Qxe7 15. Nc3 Nc6 16. Bg5 Rf8 17. Nd5 Qd8 18. Bxf6 Rxf6 19. Nxf6+ Qxf6 20. Qg8+
Qf8 21. Qxf8+ Kxf8 22. Rc1 Nb4 23. Rc7 {Black resigns} 1-0

[Event "Team 45 45 League T26"]
[Site "Internet Chess Club"]
[Date "2005.03.29"]
[Round "2"]
[White "SeanT"]
[Black "hotzoddy"]
[Result "1-0"]
[WhiteElo "1389"]
[BlackElo "1331"]
[TimeControl "2700+45"]

1. d4 e6 2. Nf3 d5 3. Nc3 Nf6 4. Bg5 Be7 5. Ne5 O-O 6. e3 Nbd7 7. f4 Nxe5 8.
fxe5 Ne4 9. Bf4 Nxc3 10. bxc3 Bd7 11. Bd3 Re8 12. Qh5 g6 13. Qf3 b6 14. O-O c5
15. Bh6 f6 16. Qg3 g5 17. h4 Kf7 18. hxg5 Rg8 19. Qh3 f5 20. Qh5+ Rg6 21. g4
Bxg5 22. Bxg5 Qxg5 23. Qxh7+ Rg7 24. Qh3 Qxg4+ 25. Qxg4 Rxg4+ 26. Kf2 cxd4 27.
exd4 Rag8 28. Rg1 b5 29. Be2 Rxg1 30. Rxg1 Rxg1 31. Kxg1 a6 32. Kf2 Kg6 33. Kf3
Kg5 34. a3 a5 35. Bd3 Be8 36. Kg3 f4+ 37. Kf3 Bh5+ 38. Kf2 Kg4 39. Bxb5 f3 40.
c4 dxc4 41. Bxc4 Kf5 42. Bb5 Ke4 43. Bc4 Bg4 44. c3 Bf5 45. Bb5 Bg4 46. Bc6+ Kd3
47. Bxf3 Bxf3 48. Kxf3 Kxc3 49. Ke4 Kc4 50. Ke3 Kd5 51. Kd3 Kc6 52. Kc4 a4 53.
Kb4 Kd5 54. Kxa4 Kxd4 55. Kb5 Kxe5 56. a4 Kf5 57. a5 e5 58. a6 e4 59. a7 e3 60.
a8=Q e2 61. Qf3+ Ke5 62. Qxe2+ Kf5 63. Kc5 Kf4 64. Kd5 Kf5 65. Qe4+ Kf6 66. Qe5+
Kg6 67. Ke6 Kh6 68. Kf6 Kh7 69. Qh5+ Kg8 70. Qf7+ Kh8 71. Qg7# {Black
checkmated} 1-0

[Event "Team 45 45 League T26"]
[Site "Internet Chess Club"]
[Date "2005.03.25"]
[Round "2"]
[White "Gomer"]
[Black "Lizaveta"]
[Result "0-1"]
[WhiteElo "1346"]
[BlackElo "1425"]
[TimeControl "2700+45"]

1. e4 e5 2. Nf3 Nc6 3. Bb5 a6 4. Ba4 Nf6 5. Nc3 Be7 6. Bxc6 dxc6 7. Nxe5 Bd6 8.
Nf3 Qe7 9. d3 Bg4 10. O-O O-O 11. h3 Bh5 12. Re1 Be5 13. Qd2 h6 14. Nxe5 Qxe5
15. d4 Qe7 16. e5 Nd5 17. Nxd5 cxd5 18. c3 Rae8 19. Qf4 Kh8 20. b3 f6 21. a4 Qe6
22. Ba3 fxe5 23. Qxe5 Qxe5 24. Rxe5 Rxe5 25. dxe5 Re8 26. Re1 Bf7 27. f4 g6 28.
g4 Be6 29. Kg2 d4 30. cxd4 Bxb3 31. a5 Bd5+ 32. Kg3 Kg7 33. Rb1 Kf7 34. Rc1 c6
35. Rb1 Rb8 36. f5 gxf5 37. gxf5 Be4 38. Rf1 Rg8+ 39. Kh4 Rg5 40. Bc1 Rxf5 41.
Rxf5+ Bxf5 42. Bxh6 Ke6 43. Be3 Kf7 44. Kg3 Kg6 45. Kf4 Bxh3 46. Ke4 Kf7 47. d5
Bg2+ {White resigns} 0-1

[Event "Team 45 45 League T26"]
[Site "Internet Chess Club"]
[Date "2005.03.28"]
[Round "2"]
[White "bluegrassplayer"]
[Black "WannaB"]
[Result "1-0"]
[WhiteElo "1255"]
[BlackElo "1200"]
[TimeControl "2700+45"]

1. e4 c5 2. Nf3 d6 3. Bc4 e6 4. Nc3 a6 5. a4 Nc6 6. d4 d5 7. exd5 Nxd4 8. Nxd4
cxd4 9. Qxd4 Nf6 10. Bg5 Be7 11. O-O-O O-O 12. dxe6 fxe6 13. Rhe1 Qxd4 14. Rxd4
h6 15. Bh4 Re8 16. Bxe6+ Bxe6 17. Rxe6 Kf7 18. Re2 Rad8 19. Rxd8 Bxd8 20. Rxe8
Kxe8 21. Bxf6 Bxf6 22. Kd2 Bg5+ 23. Kd3 Bf6 24. b3 Kd7 25. Nd5 Be5 26. h3 Kc6
27. c4 b5 28. f4 bxc4+ 29. Kxc4 Bb8 30. f5 Bd6 31. g4 Be5 32. b4 Ba1 33. h4 Kd6
34. b5 axb5+ 35. axb5 Bb2 36. Nb4 Bc1 37. Nd3 Bd2 38. Nb2 Be1 39. h5 Bf2 40. Nd3
Bb6 41. g5 hxg5 42. f6 gxf6 43. h6 {Black resigns} 1-0

[Event "Team 45 45 League T26"]
[Site "Internet Chess Club"]
[Date "2005.03.24"]
[Round "2"]
[White "Prop"]
[Black "Tomate"]
[Result "1/2-1/2"]
[WhiteElo "1304"]
[BlackElo "1360"]
[TimeControl "2700+45"]

1. e4 c5 2. Nf3 Nc6 3. Bc4 Nf6 4. d3 d6 5. O-O g6 6. Ng5 d5 7. exd5 Nxd5 8. Qf3
Ne5 9. Qe4 Nxc4 10. dxc4 Bf5 11. Qxd5 Qxd5 12. cxd5 Bxc2 13. Na3 Bf5 14. Bf4 Bg7
15. Nb5 O-O 16. Nc3 Rfd8 17. Rad1 Rd7 18. d6 e5 19. Be3 b6 20. Rd2 Rad8 21. Rfd1
f6 22. Nge4 Kf7 23. f3 Bf8 24. Nb5 a6 25. Nc7 Bxe4 26. fxe4 Bxd6 27. Nxa6 Ke6
28. b4 Rc8 29. bxc5 bxc5 30. Bxc5 Rc6 31. Bxd6 Rxa6 32. Bb4 Rb7 33. Rd6+ Rxd6
34. Rxd6+ Kf7 35. Bc5 Rc7 36. Bb6 Rc1+ 37. Kf2 Rc2+ 38. Kf3 Ke7 39. Rd8 Rxa2 40.
h4 h5 41. g3 Ra3+ 42. Ke2 Rb3 43. Rb8 Rxg3 44. Bd8+ Ke6 45. Rb6+ Kd7 46. Bxf6
Rg2+ 47. Ke3 Rg4 48. Bxe5 Rxh4 49. Rxg6 Ke7 50. Rg7+ Kf8 51. Ra7 Rh3+ 52. Kd4 h4
53. Bf6 Rh1 54. Rh7 h3 55. Ke5 Kg8 56. Rh4 Kf7 57. Bg5 Kg6 58. Bf4 Kf7 59. Kf5
Ke7 60. e5 Kd7 61. e6+ Ke7 62. Ke5 Re1+ 63. Kf5 Rxe6 64. Rxh3 Rf6+ 65. Kg4 Ke6
66. Kg5 Rf5+ 67. Kg4 Rf8 68. Re3+ Kd5 {Game drawn by mutual agreement} 1/2-1/2

[Event "Team 45 45 League T26"]
[Site "Internet Chess Club"]
[Date "2005.03.26"]
[Round "2"]
[White "MrEvill"]
[Black "jerry813"]
[Result "1/2-1/2"]
[WhiteElo "1221"]
[BlackElo "1227"]
[TimeControl "2700+45"]

1. e4 c5 2. Nf3 a6 3. d4 Nc6 4. Be3 d6 5. c4 Bg4 6. Be2 e5 7. d5 Nd4 8. Nxd4
exd4 9. Bxg4 dxe3 10. Qa4+ Ke7 11. O-O Nf6 12. Bf3 g5 13. fxe3 g4 14. Be2 Bh6
15. Qb3 Qd7 16. Nd2 a5 17. Qc3 Bg7 18. e5 Ne8 19. exd6+ Kxd6 20. Ne4+ Ke7 21.
Qd2 f5 22. d6+ Nxd6 23. Nxd6 Qxd6 24. Qxd6+ Kxd6 25. Rad1+ Ke6 26. b3 h5 27. Rd5
Rab8 28. Rfxf5 Rbf8 29. Rxf8 Bxf8 30. Rd8 Bg7 31. Rxh8 Bxh8 32. e4 Bd4+ 33. Kf1
Ke5 34. Bd3 Kf4 35. Ke2 g3 36. h3 h4 37. Bc2 Bc3 38. Bd3 {Game drawn by mutual
agreement} 1/2-1/2